 Dungeon Crawl Stone Soup version 0.30-a0-292-g0f741e3f8e (webtiles) character file.

Game seed: 17611297575362462345

15127 NinjaNoafa the Grappler (level 11, -10/109 HPs)
             Began as a Troll Gladiator on Oct 17, 2022.
             Was the Champion of Fedhas.
             Mangled by a cane toad (18 damage)
             ... on level 1 of the Lair of Beasts.
             The game lasted 00:33:25 (10243 turns).

NinjaNoafa the Grappler (Troll Gladiator)          Turns: 10243, Time: 00:33:27

Health: -10/109    AC: 15    Str: 26    XL:     11   Next: 97%
Magic:  15/15      EV:  9    Int:  4    God:    Fedhas [******]
Gold:   254        SH: 13    Dex: 13    Spells: 10/10 levels left

rFire   . . .      SeeInvis .      - Unarmed
rCold   . . .      Faith    .    y - +2 kite shield
rNeg    . . .      Spirit   .    q - +6 acid dragon scales
rPois   .          Reflect  +    I - +0 hat {Stlth+}
rElec   .          Harm     .    (no cloak)
rCorr   +          Rampage  .    (gloves unavailable)
Will    .....                    (boots unavailable)
Stlth   ++........               G - amulet of reflection
HPRegen 1.18/turn                (no ring)
MPRegen 0.14/turn                (no ring)

@: lethally poisoned (-10 -> -25)
A: large, unfitting armour, claws 3, regeneration 1, shaggy fur 1, tough skin 1
a: Renounce Religion, Wall of Briars, Grow Ballistomycete, Overgrow, Grow Oklob


You were on level 1 of the Lair of Beasts.
You worshipped Fedhas.
Fedhas was exalted by your worship.
You visited 2 branches of the dungeon, and saw 14 of its levels.

You collected 726 gold pieces.
You spent 472 gold pieces at shops.

Inventory:

Missiles
 c - 8 throwing nets
 e - 32 poisoned darts
 k - 6 datura-tipped darts
 t - 4 curare-tipped darts
 w - 121 stones
 L - 2 boomerangs (quivered)
Armour
 q - +6 acid dragon scales (worn)
 y - a +2 kite shield (worn)
 I - a +0 hat of stealth (worn)
Jewellery
 G - an amulet of reflection (around neck)
Wands
 d - a wand of flame (18)
 f - a wand of light (7)
 v - a wand of mindburst (5)
 A - a wand of iceblast (31)
 E - a wand of paralysis (3)
Scrolls
 b - a scroll of magic mapping
 n - 3 scrolls of noise
 o - a scroll of immolation
 r - 2 scrolls of fog {unknown}
 C - 6 scrolls of teleportation
 D - 4 scrolls of enchant weapon {unknown}
 F - a scroll of fear
 K - a scroll of vulnerability
Potions
 a - a potion of resistance
 g - 4 potions of lignification
 h - 7 potions of might
 i - 2 potions of degeneration
 j - 2 potions of haste
 l - a potion of ambrosia
 m - 10 potions of curing
 p - 3 potions of attraction
 s - 2 potions of flight
 u - a potion of mutation {unknown}
 x - 3 potions of heal wounds
 z - 5 potions of cancellation
 B - 2 potions of brilliance
 H - 2 potions of berserk rage {unknown}
 J - 2 potions of magic {unknown}


   Skills:
 - Level 7.0 Fighting
 - Level 7.0 Throwing
 + Level 4.9 Armour
 + Level 4.7 Dodging
 - Level 13.0 Unarmed Combat
 - Level 7.0 Invocations
 + Level 3.1 Evocations


You had 10 spell levels left.
You didn't know any spells.
Your spell library contained the following spells:

 Spells                   Type           Power      Damage    Failure   Level
 Kiss of Death            Conj/Necr      0%         2d5       88%         1
 Summon Small Mammal      Summ           0%         N/A       88%         1
 Blink                    Tloc           0%         N/A       95%         2
 Ensorcelled Hibernation  Hex/Ice        0%         N/A       95%         2
 Momentum Strike          Conj/Tloc      0%         3d8       95%         2
 Passwall                 Tmut/Erth      0%         N/A       95%         2
 Call Canine Familiar     Summ           0%         N/A       99%         3
 Confusing Touch          Hex            0%         N/A       99%         3
 Gell's Gravitas          Tloc           0%         N/A       99%         3
 Lesser Beckoning         Tloc           0%         N/A       99%         3
 Portal Projectile        Hex/Tloc       0%         N/A       99%         3
 Spider Form              Tmut/Pois      0%         N/A       99%         3
 Summon Guardian Golem    Hex/Summ       0%         N/A       99%         3
 Swiftness                Air            0%         N/A       99%         3
 Teleport Other           Tloc           0%         N/A       99%         3
 Tukima's Dance           Hex            0%         N/A       99%         3
 Dispel Undead            Necr           0%         3d6       100%        4
 Metabolic Englaciation   Hex/Ice        0%         N/A       100%        5


Dungeon Overview and Level Annotations

Branches:
Dungeon (12/15)            Temple (0/1) D:5            Lair (2/5) D:11
  Swamp: Lair:2-3    Shoals: Lair:2-3     Snake: Lair:2-3    Spider: Lair:2-3
    Orc: D:9-12

Altars:
Fedhas
Kikubaaqudgha
Sif Muna
Yredelemnul
The Shining One

Shops:
D:4 =:(   D:6 =?*(!


Innate Abilities, Weirdness & Mutations

You are too large for most types of armour.
You have claws for hands.
Your natural rate of healing is unusually fast.
You are covered in fur. (AC +1)
You have tough skin. (AC +1)


Message History

You block the cane toad's attack. You block the yak's attack.
The yak misses you. The yak gores you but does no damage.
The wolf barely misses you. The cane toad barely misses you.
The cane toad stings you!
There is a stone staircase leading up, spattered with blood here.
You block the wolf's attack. The yak completely misses you.
The yak gores you but does no damage. The yak closely misses you.
You block the cane toad's attack. The wolf closely misses you.
The cane toad barely misses you.
You climb upwards.
There is a stone staircase leading down, spattered with blood here.
You claw the cane toad!
The cane toad is lightly wounded.
You block the wolf's attack. The cane toad barely misses you.
The yak gores you! The yak gores you but does no damage. The yak gores you!
You block the cane toad's attack. The wolf bites you.
You mangle the cane toad!!
The cane toad is almost dead.
The cane toad stings you!!
You are poisoned.
The cane toad poisons you! The yak gores you but does no damage.
You block the yak's attack. The yak gores you but does no damage.
The wolf barely misses you.
The cane toad stings you but does no damage.
The cane toad stings you!
You are more poisoned.
The cane toad poisons you! The yak attacks as you move away! The yak gores you.
The wolf attacks as you move away! The wolf bites you.
* * * LOW HITPOINT WARNING * * *
You feel extremely sick. The cane toad barely misses you.
You block the wolf's attack.
You mangle the yak!!
The yak is heavily wounded.
You feel very sick. You block the wolf's attack. You block the yak's attack.
The yak gores you!
* * * LOW HITPOINT WARNING * * *
The cane toad stings you!!
You die...
Fedhas appreciates your contribution to the ecosystem.

##..##..⌠..>..⌠..#.### ##.+
####.#.........##..# ##.
##P#P'#....⌠...####+#### ##
#.^....##.....##.....#.#####.
##........##+##.......'.....##
#.........#...#.......####....
#........#...Y.#......## ####.
##.......#⌠†hFY#.......# #.
#.......#..Y@.#......## #.
##'#######.F.####+..## #. ##.#
##.## #.### #. ##..# ### #..##
## #...# #...# ## #.###
#####÷.### #. #.# ###
##........# ### ##'####.#
#.........#####.. #.......#
##...........##..


You could see 3 yaks, 2 cane toads and a wolf.

Vanquished Creatures
  Gastronok (D:8)
  A boulder beetle (D:11)
  A two-headed ogre (D:11)
  Urug (D:10)
  Pikel (D:6)
  A manticore (D:9)
  An ugly thing (D:11)
  2 slime creatures (D:12)
  A black mamba (Lair:1)
  Maggie (D:6)
  5 kobold demonologists
  2 trolls
  5 blink frogs (Lair:1)
  A wyvern (D:10)
  9 yaks (D:11)
  A water elemental (D:11)
  A wraith (D:9)
  Grum (D:8)
  2 steam dragons
  4 water moccasins
  An acid dragon (D:9)
  An ice beast (D:6)
  An orc warrior (D:9)
  2 ogres
  10 wolves
  A phantom (D:6)
  3 centaurs
  A lemure (D:6)
  3 kobold brigands
  Blork the orc (D:6)
  3 bullfrogs
  A gnoll sergeant (D:7)
  3 scorpions
  5 wights (D:8)
  2 electric eels (D:11)
  2 howler monkeys
  7 hounds
  4 jellies
  A gnoll bouda (D:7)
  3 orc priests
  5 iguanas
  4 orc wizards
  A hound zombie (D:3)
  13 gnolls
  7 adders
  2 river rats (D:6)
  2 shadow imps
  2 white imps
  An ufetubus (D:7)
  An adder zombie (D:3)
  A worm (D:6)
  2 dart slugs
  14 orcs
  7 bats
  5 endoplasms
  2 giant cockroaches
  6 goblins
  9 hobgoblins
  3 jackals (D:3)
  5 quokkas
  5 ball pythons
  2 ball python zombies (D:3)
  2 frilled lizards
  29 kobolds
  9 rats
  A ballistomycete spore (D:11)
237 creatures vanquished.

Vanquished Creatures (collateral kills)
  A komodo dragon (Lair:1)
  A basilisk (Lair:1)
  A water moccasin (Lair:1)
  A bullfrog (Lair:1)
  11 ballistomycete spores (D:11)
15 creatures vanquished.

Vanquished Creatures (others)
  14 fungi (D:10)
  2 plants (Lair:2)
16 creatures vanquished.

Grand Total: 268 creatures vanquished

Notes
Turn   | Place    | Note
-------+----------+-------------------------------------------
     0 | D:1      | NinjaNoafa the Troll Gladiator began the quest for the Orb.
     0 | D:1      | Reached XP level 1. HP: 19/19 MP: 0/0
   189 | D:1      | Found a faded altar of an unknown god.
   207 | D:1      | Prayed at the altar of an unknown god.
   207 | D:1      | Became a worshipper of Fedhas Madash
   207 | D:1      | Reached * piety under Fedhas
   279 | D:1      | Reached XP level 2. HP: 28/28 MP: 1/1
   912 | D:2      | Reached XP level 3. HP: 35/35 MP: 2/2
   946 | D:2      | Reached ** piety under Fedhas
  1367 | D:2      | Reached XP level 4. HP: 34/44 MP: 3/3
  1958 | D:3      | Reached skill level 4 in Unarmed Combat
  1966 | D:3      | Found a basalt altar of Yredelemnul.
  2400 | D:4      | Found a shimmering blue altar of Sif Muna.
  2414 | D:4      | Reached XP level 5. HP: 51/52 MP: 4/4
  2438 | D:4      | Noticed an ogre
  2457 | D:4      | Reached *** piety under Fedhas
  2466 | D:4      | Killed an ogre
  2467 | D:4      | Reached skill level 5 in Unarmed Combat
  2553 | D:4      | Reached XP level 6. HP: 45/61 MP: 5/5
  2633 | D:4      | Found Zuocs's Book Emporium.
  2728 | D:4      | Found Zorymmon's Antique Weapon Emporium.
  2839 | D:4      | Found Veuweun's Jewellery Shop.
  3167 | D:5      | Entered Level 5 of the Dungeon
  3178 | D:5      | Reached skill level 6 in Unarmed Combat
  3603 | D:5      | Reached XP level 7. HP: 67/67 MP: 6/6
  3829 | D:5      | Reached skill level 7 in Unarmed Combat
  4082 | D:5      | Found a staircase to the Ecumenical Temple.
  4315 | D:6      | Found Qedu's Magic Scroll Shop.
  4326 | D:6      | Bought a scroll of identify for 30 gold pieces
  4359 | D:6      | Found an ancient bone altar of Kikubaaqudgha.
  4388 | D:6      | Found Afyasich's Weapon Shop.
  4389 | D:6      | Reached skill level 5 in Fighting
  4389 | D:6      | Reached skill level 5 in Throwing
  4389 | D:6      | Reached skill level 10 in Unarmed Combat
  4389 | D:6      | Reached XP level 8. HP: 81/81 MP: 6/10
  4429 | D:6      | Found Irymir's Distillery.
  4550 | D:6      | Found Oschuerus's General Store.
  4553 | D:6      | Noticed Blork the orc
  4566 | D:6      | Killed Blork the orc
  4567 | D:6      | Reached skill level 5 in Invocations
  4569 | D:6      | Reached skill level 11 in Unarmed Combat
  4654 | D:6      | Found Noyfial's Jewellery Shop.
  4860 | D:6      | Noticed Pikel
  4871 | D:6      | Killed Pikel
  4872 | D:6      | Reached XP level 9. HP: 67/89 MP: 10/12
  5011 | D:6      | Reached **** piety under Fedhas
  5021 | D:6      | Noticed Maggie
  5030 | D:6      | Killed Maggie
  5451 | D:7      | Identified the +0 robe of the Iron City of Dis {rPois rC+}
  5667 | D:7      | Got the Meditations on Ensnaring Moulding
  5712 | D:6      | Bought an amulet of reflection for 330 gold pieces
  5740 | D:6      | Bought a scroll of enchant armour for 112 gold pieces
  6452 | D:8      | Reached skill level 1 in Armour
  6591 | D:8      | Noticed Gastronok
  6605 | D:8      | Killed Gastronok
  6605 | D:8      | Reached ***** piety under Fedhas
  6606 | D:8      | Reached XP level 10. HP: 46/100 MP: 13/13
  6890 | D:8      | Noticed Grum
  6902 | D:8      | Killed Grum
  7375 | D:9      | Found a runed translucent door.
  7376 | D:9      | Noticed a manticore
  7396 | D:9      | Killed a manticore
  7477 | D:9      | Noticed a six-headed hydra
  7481 | D:9      | Noticed a fire dragon
  7482 | D:9      | Noticed a cyclops
  7525 | D:10     | Entered Level 10 of the Dungeon
  7647 | D:10     | Found a glowing golden altar of the Shining One.
  7955 | D:10     | Noticed Urug
  7962 | D:10     | Killed Urug
  7987 | D:10     | Noticed a rust devil
  7990 | D:10     | Reached skill level 12 in Unarmed Combat
  7990 | D:10     | Reached XP level 11. HP: 92/109 MP: 15/15
  8455 | D:11     | Noticed a white ugly thing
  8462 | D:11     | Killed a white ugly thing
  8525 | D:11     | Noticed a boulder beetle
  8536 | D:11     | Killed a boulder beetle
  8576 | D:11     | Reached skill level 13 in Unarmed Combat
  8718 | D:12     | Reached skill level 1 in Evocations
  8791 | D:11     | Found a staircase to the Lair.
  8795 | D:11     | Noticed a two-headed ogre
  8812 | D:11     | Killed a two-headed ogre
  9252 | Lair:1   | Entered Level 1 of the Lair of Beasts
  9578 | Lair:1   | Identified the +2 leather armour of the Butterfly {rC+ rN+
                  | SInv}
  9648 | Lair:1   | Reached ****** piety under Fedhas
 10243 | Lair:1   | Mangled by a cane toad

Illustrated notes

Levels and vault maps discovered:
D:1:      lemuel_arrival_lava_pool, layout_basic,
          chequers_ecumenical_altar_island
D:2:      layout_basic, minmay_box_of_dots
D:3:      layout_loops_ring, nicolae_yredelemnul_corpse_copse,
          kennysheep_generic_room_16
D:4:      layout_basic, mainiacjoe_overflow_small_starburst, serial_shops,
          nicolae_lakefront_shop, shop, nicolae_inconvenience_store,
          minmay_misc_feat_room
D:5:      nicolae_BIG_FREAKIN_CUBE, layout_gridville,
          minmay_temple_entry_nine_rooms
D:6:      layout_basic, mainiacjoe_overflow_tiny_flanked,
          lightli_sewer_entry_pipes, serial_shops, shop_statue, shop_statue,
          nicolae_shop_bloodbath_and_beyond, nicolae_shop_advertising_works
          [nicolae_subvault_shop_adworks], shop, uniq_maggie,
          uniq_blork_the_orc, uniq_pikel
D:7:      layout_loops_corners
D:8:      layout_loops_ring, nicolae_fountain_basement, uniq_gastronok,
          uniq_grum
D:9:      layout_roguey, minivault_13
D:10:     layout_loops_ring, mainiacjoe_overflow_cross_hatched, uniq_urug
D:11:     layout_basic, erik_lair_island, kennysheep_generic_room_9
D:12:     minmay_textured_paths, layout_loops_cross, david_orc_5, special_room
          [special_room_orc], uniq_azrael
Lair:1:   layout_roguey, grunt_megastairs_3
Lair:2:   layout_hall_layers, minmay_swamp_entry_worms,
          minmay_snake_entry_guardpost_medium, basic_altar, uniq_harold

Skill      XL: |  1  2  3  4  5  6  7  8  9 10 11 |
---------------+----------------------------------+-----
Throwing       | 2 3 5 6 7 |  7.0
Fighting       | 2 3 5 6 7 |  7.0
Unarmed Combat | 4 5 6 10 11 12 13 | 13.0
Invocations    | 4 5 6 7 |  7.0
Dodging        | 3 4 |  4.7
Armour         | 2 3 4 |  4.9
Evocations     | 3 |  3.1

Action                   |  1- 3 |  4- 6 |  7- 9 | 10-12 || total
-------------------------+-------+-------+-------+-------++-------
Melee: Unarmed           |    68 |   104 |   157 |   273 ||   602
       Punch             |     1 |     2 |    10 |    13 ||    26
Throw: Large rock        |    15 |     5 |       |       ||    20
       Throwing net      |     3 |       |       |       ||     3
       Stone             |       |    30 |     8 |       ||    38
       Dart              |       |    32 |    45 |       ||    77
       Javelin           |       |     9 |    25 |    42 ||    76
       Boomerang         |       |       |       |     5 ||     5
Invok: Grow Ballistomyce |       |       |       |     1 ||     1
Evoke: Wand              |       |       |     4 |    14 ||    18
  Use: Scroll            |       |       |    12 |    11 ||    23
       Potion            |       |       |     1 |     3 ||     4
 Stab: Sleeping          |       |       |       |     2 ||     2
Armor: Robe              |    15 |    37 |    10 |       ||    62
       Acid dragon scale |       |       |    47 |   199 ||   246
Dodge: Dodged            |    40 |   105 |   104 |   150 ||   399
Block: Other             |       |       |    18 |    68 ||    86
       Reflection        |       |       |       |     2 ||     2
       Kite shield       |       |       |       |    21 ||    21

Table legend: (Time is in decaauts)
 A = Elapsed time spent in this place.
 B = Non-inter-level travel time spent in this place.
 C = Inter-level travel time spent in this place.
 D = Time resting spent in this place.
 E = Time spent auto-exploring this place.
 F = Levels seen in this place.
 G = Mean time per level.
                   A        B        C        D        E       F      G
               +--------+--------+--------+--------+--------+-----+--------+
         Total |  10215 |   9410 |    805 |     64 |   7459 |  14 |  729.6 |
       Dungeon |   9302 |   8534 |    768 |     64 |   6753 |  12 |  775.2 |
          Lair |    913 |    876 |     37 |      0 |    706 |   2 |  456.5 |
               +--------+--------+--------+--------+--------+-----+--------+

Top non-repeatable levels by time:
     D:7: 1126 daAuts
     D:4: 971 daAuts
     D:2: 964 daAuts
     D:6: 943 daAuts
     D:5: 939 daAuts
  Lair:1: 898 daAuts
    D:11: 849 daAuts
    D:10: 847 daAuts
     D:1: 839 daAuts
     D:8: 809 daAuts
     D:3: 614 daAuts
     D:9: 319 daAuts
    D:12: 78 daAuts
  Lair:2: 14 daAuts
